| TOP OF THE 1ST |
|
Arizona Diamondbacks batting - Pitching for New York Mets : RHP Billy McIntyre
|
|
Pitching: RHP Billy McIntyre
|
|
|
Batting: RHB Andy Swaim
|
0-0: Foul Ball, location: 2F 0-1: Swinging Strike 0-2: Ball 1-2: Strikes out looking
|
|
Batting: LHB Roy Steigerwald
|
0-0: DOUBLE (Groundball, 5L, EV 107.5 MPH)
|
|
Batting: SHB Alec Thorpe
|
0-0: Ball 1-0: Called Strike 1-1: Foul Ball, location: 2F 1-2: Ball 2-2: Reached via error on a dropped throw from 2B, E3 (Groundball, 4M, EV 100.6 MPH) Roy Steigerwald to third
|
|
Batting: RHB Katilimomi Kelekolio
|
0-0: Ball 1-0: Ball Alec Thorpe steals 2nd base 2-0: Called Strike 2-1: Ground out 6-3 (Groundball, 6MD, EV 100.6 MPH) Roy Steigerwald scores Alec Thorpe to third
|
|
Batting: SHB Perry Tuckfard
|
0-0: Ball 1-0: Fly out, F8 (Line Drive, 89D, EV 93.8 MPH)
|
| Top of the 1st over - 1 run, 1 hit, 1 error, 1 left on base; Arizona 1 - New York 0 |
| BOTTOM OF THE 1ST |
|
New York Mets batting - Pitching for Arizona Diamondbacks : RHP Cody Savastand
|
|
Pitching: RHP Cody Savastand
|
|
|
Batting: LHB Kevin Bellman
|
0-0: Ball 1-0: Ball 2-0: Ball 3-0: Base on Balls
|
|
Batting: RHB Josh Jones
|
0-0: Foul Ball, location: 2F 0-1: Bunt missed! 0-2: Ball 1-2: Ball 2-2: Ball 3-2: Base on Balls Kevin Bellman to second
|
|
Batting: LHB Chris Ringwood
|
0-0: Called Strike 0-1: Foul Ball, location: 2F 0-2: Strikes out swinging
|
|
Batting: RHB Jeff Jank
|
0-0: Called Strike 0-1: Ball 1-1: Ball 2-1: Ball 3-1: SINGLE (Groundball, 56S, EV 65.0 MPH) (infield hit) Kevin Bellman to third Josh Jones to second
|
|
Batting: RHB Drtian Thaqi
|
0-0: Called Strike 0-1: Ball 1-1: Foul Ball, location: 2F 1-2: Ball 2-2: Strikes out swinging
|
|
Batting: SHB Jason Larson
|
0-0: Called Strike 0-1: Foul Ball, location: 2F 0-2: Ball 1-2: Foul Ball, location: 2F 1-2: Ball 2-2: SINGLE (Groundball, 5S, EV 67.5 MPH) (infield hit) Kevin Bellman scores Josh Jones to third Jeff Jank to second
|
|
Batting: RHB Finn Ross
|
0-0: Fielders Choice at 2nd, U4 (Groundball, 4M, EV 88.1 MPH)
|
| Bottom of the 1st over - 1 run, 2 hits, 0 errors, 3 left on base; Arizona 1 - New York 1 |
| TOP OF THE 2ND |
|
Arizona Diamondbacks batting - Pitching for New York Mets : RHP Billy McIntyre
|
|
Batting: LHB Joel Kunkler
|
0-0: Ball 1-0: Ground out 1-3 (Groundball, 13S, EV 68.1 MPH)
|
|
Batting: RHB Jim Zucco
|
0-0: Ball 1-0: SINGLE (Groundball, 15S, EV 71.9 MPH) (infield hit)
|
|
Batting: SHB Salvador Aragon
|
0-0: Swinging Strike 0-1: SINGLE (Groundball, 34D, EV 94.4 MPH) Jim Zucco to second Runner from 2nd tries for 3rd, SAFE, throw by RF made to third
|
|
Batting: LHB Mike Mentzer
|
0-0: Called Strike Salvador Aragon is caught stealing 2nd base 2-6 0-1: 2-RUN HOME RUN (Flyball, 9LD, EV 100.0 MPH), Distance : 370 ft
|
|
Batting: RHB Andy Swaim
|
0-0: Ball 1-0: Ball 2-0: Called Strike 2-1: Foul Ball, location: 2F 2-2: Ball 3-2: Foul Ball, location: 2F 3-2: Base on Balls
|
|
Batting: LHB Roy Steigerwald
|
0-0: Ground out 6-3 (Groundball, P, EV 81.2 MPH)
|
| Top of the 2nd over - 2 runs, 3 hits, 0 errors, 1 left on base; Arizona 3 - New York 1 |
| BOTTOM OF THE 2ND |
|
New York Mets batting - Pitching for Arizona Diamondbacks : RHP Cody Savastand
|
|
Batting: RHB Antonio Aranda
|
0-0: Ball 1-0: Ball 2-0: Fly out, F8 (Flyball, 8RD, EV 96.9 MPH)
|
|
Batting: LHB Fabiano Perrolas
|
0-0: Ball 1-0: Called Strike 1-1: Ball 2-1: Ground out 1-3 (Groundball, 15S, EV 75.0 MPH)
|
|
Batting: LHB Kevin Bellman
|
0-0: Fly out, F9 (Flyball, 9, EV 84.4 MPH)
|
| Bottom of the 2nd over - 0 runs, 0 hits, 0 errors, 0 left on base; Arizona 3 - New York 1 |
| TOP OF THE 3RD |
|
Arizona Diamondbacks batting - Pitching for New York Mets : RHP Billy McIntyre
|
|
Batting: SHB Alec Thorpe
|
0-0: Foul Ball, location: 2F 0-1: Ball 1-1: Fly out, F8 (Flyball, 8LD, EV 100.6 MPH)
|
|
Batting: RHB Katilimomi Kelekolio
|
0-0: Ball 1-0: Fly out, F8 (Flyball, 8RD, EV 90.0 MPH)
|
|
Batting: SHB Perry Tuckfard
|
0-0: Called Strike 0-1: Ball 1-1: Called Strike 1-2: Ball 2-2: Foul Ball, location: 2F 2-2: Foul Ball, location: 2F 2-2: Ball 3-2: Ground out 4-3 (Groundball, 4, EV 100.6 MPH)
|
| Top of the 3rd over - 0 runs, 0 hits, 0 errors, 0 left on base; Arizona 3 - New York 1 |
| BOTTOM OF THE 3RD |
|
New York Mets batting - Pitching for Arizona Diamondbacks : RHP Cody Savastand
|
|
Batting: RHB Josh Jones
|
0-0: Ball 1-0: Called Strike 1-1: Ball 2-1: Foul Ball, location: 2F 2-2: Foul Ball, location: 2F 2-2: Foul Ball, location: 2F 2-2: Ball 3-2: Fly out, F9 (Flyball, 9D, EV 94.4 MPH)
|
|
Batting: LHB Chris Ringwood
|
0-0: Ball 1-0: Foul Ball, location: 2F 1-1: Swinging Strike 1-2: Foul Ball, location: 2F 1-2: Ball 2-2: Ball 3-2: Strikes out swinging
|
|
Batting: RHB Jeff Jank
|
0-0: Ball 1-0: Swinging Strike 1-1: Fly out, F9 (Flyball, 9, EV 80.6 MPH)
|
| Bottom of the 3rd over - 0 runs, 0 hits, 0 errors, 0 left on base; Arizona 3 - New York 1 |
| TOP OF THE 4TH |
|
Arizona Diamondbacks batting - Pitching for New York Mets : RHP Billy McIntyre
|
|
Batting: LHB Joel Kunkler
|
0-0: Ball 1-0: Foul Ball, location: 2F 1-1: Called Strike 1-2: Foul Ball, location: 2F 1-2: Ball 2-2: Foul Ball, location: 2F 2-2: Foul Ball, location: 2F 2-2: Foul Ball, location: 2F 2-2: Strikes out looking
|
|
Batting: RHB Jim Zucco
|
0-0: Ball 1-0: Ball 2-0: Called Strike 2-1: Fly out, F8 (Flyball, 8RXD, EV 85.6 MPH)
|
|
Batting: SHB Salvador Aragon
|
0-0: Ground out 1-3 (Groundball, 15S, EV 61.9 MPH)
|
| Top of the 4th over - 0 runs, 0 hits, 0 errors, 0 left on base; Arizona 3 - New York 1 |
| BOTTOM OF THE 4TH |
|
New York Mets batting - Pitching for Arizona Diamondbacks : RHP Cody Savastand
|
|
Batting: RHB Drtian Thaqi
|
0-0: Called Strike 0-1: Called Strike 0-2: Fly out, F9 (Flyball, 89D, EV 98.8 MPH)
|
|
Batting: SHB Jason Larson
|
0-0: Fly out, F8 (Line Drive, 89M, EV 85.6 MPH)
|
|
Batting: RHB Finn Ross
|
0-0: Ball 1-0: Swinging Strike 1-1: Ball 2-1: Ball 3-1: Called Strike 3-2: Strikes out swinging
|
| Bottom of the 4th over - 0 runs, 0 hits, 0 errors, 0 left on base; Arizona 3 - New York 1 |
| TOP OF THE 5TH |
|
Arizona Diamondbacks batting - Pitching for New York Mets : RHP Billy McIntyre
|
|
Batting: LHB Mike Mentzer
|
0-0: Ball 1-0: Ball 2-0: Ball 3-0: Called Strike 3-1: SINGLE (Line Drive, 78S, EV 86.9 MPH)
|
|
Batting: RHB Andy Swaim
|
0-0: Ball Mike Mentzer steals 2nd base 1-0: Called Strike 1-1: Ball 2-1: Ball 3-1: Called Strike 3-2: Base on Balls
|
|
Batting: LHB Roy Steigerwald
|
0-0: Called Strike 0-1: Ball 1-1: Foul Ball, location: 2F 1-2: DOUBLE (Flyball, 89XD, EV 107.5 MPH) Mike Mentzer scores Andy Swaim to third Runner from 3rd tries for Home, SAFE, throw by CF to home
|
|
Pitching: RHP Ben Dicks
|
|
|
Batting: SHB Alec Thorpe
|
0-0: Called Strike 0-1: Hit by Pitch
|
|
Batting: RHB Katilimomi Kelekolio
|
0-0: Called Strike 0-1: Foul Ball, location: 2F 0-2: Ball 1-2: Ball 2-2: Ball 3-2: Fly out, F7 (Flyball, 78M, EV 73.1 MPH)
|
|
Batting: SHB Perry Tuckfard
|
0-0: Called Strike 0-1: Called Strike 0-2: Ball 1-2: Fielders Choice at 2nd, 5-4 (Groundball, 56, EV 81.9 MPH) Roy Steigerwald to third
|
|
Batting: LHB Joel Kunkler
|
0-0: Ball 1-0: Foul Ball, location: 2F 1-1: Called Strike 1-2: Ball 2-2: Ball 3-2: Foul Ball, location: 2F 3-2: Foul Ball, location: 2F 3-2: Strikes out swinging
|
| Top of the 5th over - 2 runs, 2 hits, 0 errors, 2 left on base; Arizona 5 - New York 1 |
| BOTTOM OF THE 5TH |
|
New York Mets batting - Pitching for Arizona Diamondbacks : RHP Cody Savastand
|
|
Batting: RHB Antonio Aranda
|
0-0: Ball 1-0: Called Strike 1-1: Ball 2-1: Foul Ball, location: 2F 2-2: Foul Ball, location: 2F 2-2: Foul Ball, location: 2F 2-2: Ground out 4-3 (Groundball, 34D, EV 90.0 MPH)
|
|
Batting: LHB Fabiano Perrolas
|
0-0: Ball 1-0: Called Strike 1-1: Ball 2-1: Ball 3-1: Foul Ball, location: 2F 3-2: Base on Balls
|
|
Batting: LHB Kevin Bellman
|
0-0: Foul Ball, location: 2F 0-1: Foul Ball, location: 2F 0-2: Reached on error, E4 (Groundball, 4M, EV 89.4 MPH) Fabiano Perrolas to second
|
|
Batting: RHB Josh Jones
|
0-0: Ball 1-0: Ball 2-0: Called Strike 2-1: Foul Ball, location: 2F 2-2: Strikes out swinging
|
|
Batting: LHB Chris Ringwood
|
0-0: Called Strike 0-1: Ball 1-1: Swinging Strike 1-2: Foul Ball, location: 2F 1-2: Strikes out swinging
|
| Bottom of the 5th over - 0 runs, 0 hits, 1 error, 2 left on base; Arizona 5 - New York 1 |
| TOP OF THE 6TH |
|
Arizona Diamondbacks batting - Pitching for New York Mets : RHP Ben Dicks
|
|
Batting: RHB Jim Zucco
|
0-0: Called Strike 0-1: Ball 1-1: SOLO HOME RUN (Flyball, 7D, EV 96.9 MPH), Distance : 371 ft
|
|
Batting: SHB Salvador Aragon
|
0-0: Ball 1-0: Foul Ball, location: 2F 1-1: Called Strike 1-2: Ball 2-2: Ball 3-2: Base on Balls
|
|
Batting: LHB Mike Mentzer
|
0-0: Called Strike 0-1: Called Strike 0-2: Ball 1-2: Fly out, F7 (Line Drive, 7S, EV 93.8 MPH)
|
|
Pitching: LHP Ryan Price
|
|
|
Batting: RHB Andy Swaim
|
0-0: Fly out, F8 (Flyball, 8RD, EV 97.5 MPH)
|
|
Batting: LHB Roy Steigerwald
|
0-0: Called Strike 0-1: Ball 1-1: Ball 2-1: Called Strike 2-2: Strikes out looking
|
| Top of the 6th over - 1 run, 1 hit, 0 errors, 1 left on base; Arizona 6 - New York 1 |
| BOTTOM OF THE 6TH |
|
New York Mets batting - Pitching for Arizona Diamondbacks : RHP Cody Savastand
|
|
Batting: RHB Jeff Jank
|
0-0: Ball 1-0: Called Strike 1-1: Ball 2-1: Swinging Strike 2-2: Ball 3-2: Base on Balls
|
|
Batting: RHB Drtian Thaqi
|
0-0: Ball 1-0: Grounds into double play, 5-4-3 (Groundball, 56, EV 81.2 MPH)
|
|
Batting: SHB Jason Larson
|
0-0: Called Strike 0-1: Fly out, F8 (Flyball, 78XD, EV 104.4 MPH)
|
| Bottom of the 6th over - 0 runs, 0 hits, 0 errors, 0 left on base; Arizona 6 - New York 1 |
| TOP OF THE 7TH |
|
Arizona Diamondbacks batting - Pitching for New York Mets : LHP Ryan Price
|
|
Batting: SHB Alec Thorpe
|
0-0: Ball 1-0: Ball 2-0: Foul Ball, location: 2F 2-1: Foul Ball, location: 2F 2-2: Foul Ball, location: 2F 2-2: Strikes out swinging
|
|
Batting: RHB Katilimomi Kelekolio
|
0-0: Foul Ball, location: 2F 0-1: Swinging Strike 0-2: Foul Ball, location: 2F 0-2: Ball 1-2: Ball 2-2: SINGLE (Groundball, 34D, EV 105.6 MPH)
|
|
Batting: SHB Perry Tuckfard
|
0-0: Ball 1-0: Called Strike 1-1: Ball Katilimomi Kelekolio is caught stealing 2nd base 2-4 2-1: Foul Ball, location: 2F 2-2: Ground out 6-3 (Groundball, 6, EV 83.1 MPH)
|
| Top of the 7th over - 0 runs, 1 hit, 0 errors, 0 left on base; Arizona 6 - New York 1 |
| BOTTOM OF THE 7TH |
|
New York Mets batting - Pitching for Arizona Diamondbacks : RHP Cody Savastand
|
|
Pitching: RHP David Mendoza
|
|
|
Batting: RHB Finn Ross
|
0-0: Called Strike 0-1: Called Strike 0-2: Ball 1-2: Ball 2-2: DOUBLE (Groundball, 5L, EV 95.6 MPH)
|
|
Batting: RHB Antonio Aranda
|
0-0: Called Strike 0-1: Called Strike 0-2: Ball 1-2: Ground out 6-3 (Groundball, 6, EV 88.1 MPH) Finn Ross to third
|
|
Batting: LHB Fabiano Perrolas
|
0-0: Ball 1-0: Fly out, F7 (Line Drive, 7S, EV 96.2 MPH)
|
|
Batting: LHB Kevin Bellman
|
0-0: Called Strike 0-1: SINGLE (Groundball, 34D, EV 101.2 MPH) Finn Ross scores
|
|
Batting: RHB Josh Jones
|
0-0: Ball Kevin Bellman is caught stealing 2nd base 2-4
|
| Bottom of the 7th over - 1 run, 2 hits, 0 errors, 0 left on base; Arizona 6 - New York 2 |
| TOP OF THE 8TH |
|
Arizona Diamondbacks batting - Pitching for New York Mets : LHP Ryan Price
|
|
Pitching: RHP Thomas Clark
|
|
|
Batting: LHB Joel Kunkler
|
0-0: Ball 1-0: Foul Ball, location: 2F 1-1: Swinging Strike 1-2: Ball 2-2: Foul Ball, location: 2F 2-2: Strikes out swinging
|
|
Batting: RHB Jim Zucco
|
0-0: Called Strike 0-1: Foul Ball, location: 2F 0-2: Strikes out swinging
|
|
Batting: SHB Salvador Aragon
|
0-0: Called Strike 0-1: Fly out, F7 (Flyball, 7LMF, EV 86.9 MPH)
|
| Top of the 8th over - 0 runs, 0 hits, 0 errors, 0 left on base; Arizona 6 - New York 2 |
| BOTTOM OF THE 8TH |
|
New York Mets batting - Pitching for Arizona Diamondbacks : RHP David Mendoza
|
|
Batting: RHB Josh Jones
|
0-0: Called Strike 0-1: Ball 1-1: Ball 2-1: Called Strike 2-2: Strikes out looking
|
|
Batting: LHB Chris Ringwood
|
0-0: Called Strike 0-1: Ball 1-1: Ball 2-1: Fly out, F7 (Line Drive, 78M, EV 96.2 MPH)
|
|
Batting: RHB Jeff Jank
|
0-0: Foul Ball, location: 2F 0-1: SINGLE (Groundball, 56D, EV 98.8 MPH)
|
|
Batting: RHB Drtian Thaqi
|
0-0: Called Strike 0-1: Ball 1-1: SINGLE (Groundball, 6D, EV 96.2 MPH) Jeff Jank to second
|
|
Batting: SHB Jason Larson
|
0-0: Called Strike 0-1: Ball 1-1: Ball 2-1: Ball 3-1: Fielders Choice at 2nd, 6-4 (Groundball, 6, EV 84.4 MPH)
|
| Bottom of the 8th over - 0 runs, 2 hits, 0 errors, 2 left on base; Arizona 6 - New York 2 |
| TOP OF THE 9TH |
|
Arizona Diamondbacks batting - Pitching for New York Mets : RHP Thomas Clark
|
|
Batting: LHB Mike Mentzer
|
0-0: Ball 1-0: Ball 2-0: Ball 3-0: Base on Balls
|
|
Batting: RHB Andy Swaim
|
0-0: Ball 1-0: Called Strike 1-1: Ball 2-1: Sac Bunt to 2R - play at first, batter OUT! 2-3 Mike Mentzer to second
|
|
Batting: LHB Roy Steigerwald
|
0-0: Ball 1-0: Called Strike 1-1: Swinging Strike 1-2: Foul Ball, location: 2F 1-2: Ball 2-2: Foul Ball, location: 2F 2-2: Ball 3-2: Foul Ball, location: 2F 3-2: Ground out 4-3 (Groundball, 34, EV 96.9 MPH) Mike Mentzer to third
|
|
Batting: SHB Alec Thorpe
|
0-0: Foul Ball, location: 2F 0-1: Ball 1-1: Foul Ball, location: 2F 1-2: Ball 2-2: Ball 3-2: Base on Balls
|
|
Pitching: LHP Ken Dewey
|
|
|
Batting: RHB Katilimomi Kelekolio
|
0-0: Called Strike 0-1: Foul Ball, location: 2F 0-2: Ball Alec Thorpe steals 2nd base 1-2: Foul Ball, location: 2F 1-2: Ball 2-2: Ball 3-2: Base on Balls
|
|
Batting: SHB Perry Tuckfard
|
0-0: Called Strike 0-1: Ball 1-1: Ball 2-1: Swinging Strike 2-2: Strikes out swinging
|
| Top of the 9th over - 0 runs, 0 hits, 0 errors, 3 left on base; Arizona 6 - New York 2 |
| BOTTOM OF THE 9TH |
|
New York Mets batting - Pitching for Arizona Diamondbacks : RHP David Mendoza
|
|
Pitching: LHP Mario Valdivia
|
|
|
Batting: RHB Finn Ross
|
0-0: Ball 1-0: Called Strike 1-1: Fly out, F8 (Flyball, 78D, EV 108.8 MPH)
|
|
Batting: RHB Antonio Aranda
|
0-0: Ball 1-0: Swinging Strike 1-1: Ball 2-1: Ground out 5-3 (Groundball, 56, EV 84.4 MPH)
|
|
Batting: LHB Fabiano Perrolas
|
0-0: Foul Ball, location: 2F 0-1: Ball 1-1: Foul Ball, location: 2F 1-2: Ball 2-2: Ground out 6-3 (Groundball, 56, EV 81.9 MPH)
|
| Bottom of the 9th over - 0 runs, 0 hits, 0 errors, 0 left on base; Arizona 6 - New York 2 |
|